 Dungeon Crawl Stone Soup version 0.29.0-4-gdea44cf6ec (webtiles) character file.

Game seed: 3767682631037823640

11 qw the Chopper (level 2, -2/17 HPs)
             Began as a Tengu Warper on Aug 28, 2022.
             Slain by a hobgoblin (4 damage)
             ... on level 1 of the Dungeon.
             The game lasted 00:00:00 (61 turns).

qw the Chopper (Tengu Warper)                         Turns: 61, Time: 00:00:01

Health: -2/17      AC:  3    Str: 11    XL:     2   Next: 25%
Magic:  6/6        EV: 11    Int: 13    God:
Gold:   12         SH:  0    Dex: 13    Spells: 5/5 levels left

rFire   . . .      SeeInvis .   a - +0 hand axe
rCold   . . .      Faith    .   (no shield)
rNeg    . . .      Spirit   .   b - +0 leather armour
rPois   .          Reflect  .   (helmet restricted)
rElec   .          Harm     .   (no cloak)
rCorr   .          Rampage  .   (no gloves)
Will    .....                   (boots unavailable)
Stlth   +.........              (no amulet)
HPRegen 0.05/turn               (no ring)
MPRegen 0.10/turn               (no ring)

@: no status effects
A: beak, talons 3
a: no special abilities


You were on level 1 of the Dungeon.
You visited 1 branch of the dungeon, and saw 1 of its levels.

You collected 12 gold pieces.


Innate Abilities, Weirdness & Mutations

You have a beak for a mouth.
You have claws for feet.


   Skills:
 - Level 2.0 Fighting
 + Level 3.2 Axes
 - Level 1.0 Throwing
 - Level 1.1 Armour
 - Level 2.1 Dodging
 - Level 2.0 Spellcasting
 - Level 2.4 Translocations


You had 5 spell levels left.
You didn't know any spells.
Your spell library contained the following spells:

 Spells                   Type           Power      Damage    Failure   Level
 Blink                    Tloc           14%        N/A       19%         2
 Gell's Gravitas          Tloc           7%         N/A       36%         3
 Lesser Beckoning         Tloc           7%         N/A       36%         3
 Teleport Other           Tloc           7%         N/A       36%         3
 Manifold Assault         Tloc           7%         N/A       98%         5

Inventory:

Hand Weapons
 a - a +0 hand axe (weapon)
 f - a +0 whip
Missiles
 d - 5 boomerangs of dispersal (quivered)
Armour
 b - a +0 leather armour (worn)
 e - a +0 ring mail
Scrolls
 c - a scroll of blinking

Dungeon Overview and Level Annotations

Branches:
Dungeon (1/15)

Altars:

Shops:
D:1 (


Message History

A bat comes into view.
A goblin comes into view. It is wielding a +0 club.
The goblin shouts!
The bat hits you but does no damage.
The ball python bites you but does no damage.
The ball python barely misses you. The bat barely misses you.
A rat comes into view.
The ball python barely misses you. The ball python grabs you.
The ball python constricts you.
You slash the ball python!
You kill the ball python!
You hit the dart slug. You barely miss the hobgoblin. You hit the bat.
The bat misses you.
The bat closely misses you. x2; The bat barely misses you.
The hobgoblin closely misses you. The dart slug launches a dart at you.
The slug dart misses you. The bat closely misses you.
You hit the bat.
You kill the bat!
You hit the dart slug. You closely miss the bat. You barely miss the hobgoblin.
The bat completely misses you. The hobgoblin misses you.
The dart slug bites you. The hobgoblin barely misses you.
The goblin barely misses you.
You have reached level 2!
You hit the dart slug. You claw the dart slug.
You kill the dart slug!
You hit the goblin. You hit the bat. You barely miss the hobgoblin.
The bat hits you but does no damage.
A ball python comes into view.
The hobgoblin hits you. The goblin hits you with a +0 club.
Your Axes skill increases to level 3!
The ball python hisses angrily.
You hit the goblin.
You kill the goblin!
You barely miss the hobgoblin. You miss the bat.
The bat hits you but does no damage. x2; The hobgoblin hits you.
You hit the hobgoblin but do no damage. Your kick misses the hobgoblin.
You hit the goblin. The bat closely misses you. The goblin barely misses you.
The hobgoblin hits you.
You die...

.........
........#
.S.......
#........
##........ #
#.......#. ##
#ggr...... ##
###.@.b..... ##
##\..........
##
#..#.......##
## #....####.%#
##
##..#####...#
## #...#
....... ##
#####.#.###...
# ####
#.......##...
#..#
####.####.###.#
#...


You could see a hobgoblin, a goblin, a bat, a ball python and a rat.

Vanquished Creatures
  A dart slug (D:1)
  A ball python (D:1)
  A bat (D:1)
  An endoplasm (D:1)
  A goblin (D:1)
  2 kobolds (D:1)
  A rat (D:1)
8 creatures vanquished.

Notes
Turn   | Place    | Note
-------+----------+-------------------------------------------
     0 | D:1      | qw the Tengu Warper began the quest for the Orb.
     0 | D:1      | Reached XP level 1. HP: 12/12 MP: 4/4
     0 | D:1      | 0 ||| qw: Version: 0.1-a-89-g26bdef1
     0 | D:1      | 0 ||| qw: Game counter: 589
     0 | D:1      | 0 ||| qw: Always use a shield: true
     0 | D:1      | 0 ||| qw: God list: Okawaru
     0 | D:1      | 0 ||| qw: Allow faded altars: false
     0 | D:1      | 0 ||| qw: Do Orc after D:15 true
     0 | D:1      | 0 ||| qw: Do second Lair branch before Depths: true
     0 | D:1      | 0 ||| qw: Lair rune preference: random
     0 | D:1      | 0 ||| qw: Plans: Normal
     0 | D:1      | 0 ||| PLANNING D:1-11
    30 | D:1      | 30 ||| Stepping ~*~*~tactically~*~*~ (stealth).
    45 | D:1      | Found Moig's Weapon Shoppe.
    48 | D:1      | 48 ||| Stepping ~*~*~tactically~*~*~ (stealth).
    59 | D:1      | Reached XP level 2. HP: 13/17 MP: 6/6
    60 | D:1      | Reached skill level 3 in Axes
    60 | D:1      | HP: 2/17 [hobgoblin (4)]
    61 | D:1      | Slain by a hobgoblin

Levels and vault maps discovered:
D:1:      spicycebolla_arrival_ecumenical, layout_rooms, serial_shops, shop,
          shop_fountains, shop

Skill      XL: |  1  2 |
---------------+-------+-----
Axes           | 3 |  3.2
Fighting       | |  2.0
Throwing       | |  1.0
Armour         | |  1.1
Dodging        | |  2.1
Spellcasting   | |  2.0
Translocations | |  2.4

Action                   || total
-------------------------++-------
Melee: Hand axe          ||    10
       Kick              ||     3
       Peck              ||     1
Throw: Boomerang         ||     2
Armor: Leather armour    ||     8
Dodge: Dodged            ||    18

Table legend:
 A = Non-vault XP
 B = Vault XP
 C = Vault XP percentage of total XP
 D = Non-vault monster count
 E = Vault monster count
 F = Vault count percentage of total count
                 A         B        C        D         E       F
            +---------+---------+-------+---------+---------+-------
      Total |      16 |       0 |   0.0 |       8 |       0 |   0.0
            +---------+---------+-------+---------+---------+-------
        D:1 |      16 |       0 |   0.0 |       8 |       0 |   0.0
            +---------+---------+-------+---------+---------+-------
